 Dungeon Crawl Stone Soup version 0.28.0 (webtiles) character file.

Game seed: 1890226843018272653

81 Gabide the Magician (level 4, -9/32 HPs)
             Began as a Gnoll Hedge Wizard on Feb 17, 2022.
             Killed by divine providence
             ... invoked by an orc priest
              (12 damage)
             ... on level 2 of the Dungeon.
             The game lasted 00:06:52 (2440 turns).

Gabide the Magician (Gnoll Hedge Wizard)            Turns: 2440, Time: 00:06:52

Health: -9/32      AC:  2    Str: 10    XL:     4   Next: 42%
Magic:  6/13       EV: 13    Int: 15    God:
Gold:   87         SH:  0    Dex: 11    Spells: 8/17 levels left

rFire   . . .      SeeInvis .   d - +0 spear
rCold   . . .      Faith    .   (no shield)
rNeg    . . .      Spirit   .   b - +0 robe
rPois   .          Reflect  .   c - +0 hat
rElec   .          Harm     .   (no cloak)
rCorr   .          Rampage  .   (no gloves)
Will    .....                   (no boots)
Stlth   ++........              (no amulet)
HPRegen 0.10/turn               (no ring)
MPRegen 0.13/turn               (no ring)

@: no status effects
A: fangs 1, strong nose, distributed training
a: no special abilities


You were on level 2 of the Dungeon.
You visited 1 branch of the dungeon, and saw 3 of its levels.

You collected 87 gold pieces.

Inventory:

Hand Weapons
 a - a +0 dagger
 d - a +0 spear (weapon)
 e - a +1 dagger of holy wrath
Armour
 b - a +0 robe (worn)
 c - a +0 hat (worn)
 g - an orb of light
Scrolls
 f - a scroll of brand weapon {unknown}
 h - 2 scrolls of identify {unknown}
 i - a scroll of teleportation {unknown}
 j - a scroll of noise {unknown}


   Skills:
 + Level 1.1 Fighting
 + Level 1.1 Short Blades
 + Level 1.1 Long Blades
 + Level 1.1 Axes
 + Level 1.1 Maces & Flails
 + Level 1.1 Polearms
 + Level 1.1 Staves
 + Level 1.1 Slings
 + Level 1.1 Bows
 + Level 1.1 Crossbows
 + Level 1.1 Throwing
 + Level 1.1 Armour
 + Level 4.6 Dodging
 + Level 4.2 Stealth
 + Level 1.1 Shields
 + Level 1.1 Unarmed Combat
 + Level 7.2 Spellcasting
 + Level 2.2 Conjurations
 + Level 0.9 Hexes
 + Level 2.2 Summonings
 + Level 0.9 Necromancy
 + Level 2.2 Translocations
 + Level 0.9 Transmutations
 + Level 0.9 Fire Magic
 + Level 0.9 Ice Magic
 + Level 0.9 Air Magic
 + Level 0.9 Earth Magic
 + Level 0.9 Poison Magic
 + Level 1.2 Invocations
 + Level 1.1 Evocations


You had 8 spell levels left.
You knew the following spells:

 Your Spells              Type           Power      Damage    Failure   Level
a - Magic Dart            Conj           48%        1d5       5%          1
b - Slow                  Hex            32%        N/A       9%          1
c - Blink                 Tloc           24%        N/A       8%          2
d - Call Imp              Summ           12%        N/A       8%          2
e - Conjure Flame         Conj/Fire      10%        6-21      21%         3

Your spell library contained the following spells:

 Spells                   Type           Power      Damage    Failure   Level
 Sublimation of Blood     Necr           8%         N/A       14%         2
 Wereblood                Tmut           8%         N/A       14%         2
 Summon Guardian Golem    Hex/Summ       10%        N/A       21%         3
 Mephitic Cloud           Conj/Pois/Air  9%         N/A       22%         3
 Iskenderun's Battlesphe  Conj           12%        2d7       82%         5
 Fireball                 Conj/Fire      5%         3d5       88%         5
 Conjure Ball Lightning   Conj/Air       5%         3x3d6     100%        6
 Orb of Destruction       Conj           6%         9d6       100%        7
 Spellforged Servitor     Conj/Summ      6%         N/A       100%        7
 Summon Hydra             Summ           6%         N/A       100%        7


Dungeon Overview and Level Annotations

Branches:
Dungeon (3/15)

Altars:


Innate Abilities, Weirdness & Mutations

You have very sharp teeth.
Your uncanny sense of smell can sniff out nearby items.
Your experience applies equally to all skills.


Message History

The orc priest begins to cast a cantrip, but forgets the words!
Casting: Slow (safe; 9% risk of failure)
Confirm with . or Enter, or press ? or * to list all spells.
Aiming: Slow (safe; 9% risk of failure)
Press: ? - help, Shift-Dir - straight line, f/p - orc priest
Aim: an orc priest, wielding a +0 club (lightly wounded, chance to affect: 46%)
The orc priest resists with some effort.
The goblin hits you with a +0 club.
Casting: Slow (safe; 9% risk of failure)
Confirm with . or Enter, or press ? or * to list all spells.
Okay, then.
Casting: Slow (safe; 9% risk of failure)
Confirm with . or Enter, or press ? or * to list all spells.
Okay, then.
Unknown command.
The goblin closely misses you. The orc priest barely misses you.
You climb upwards.
There is a stone staircase leading down here.
Casting: Slow (safe; 9% risk of failure)
Confirm with . or Enter, or press ? or * to list all spells.
A beastly little devil appears in a puff of flame.
The goblin closely misses you.
The orc priest hits you but does no damage.
The orc priest mumbles some strange prayers to Beogh against you.
Beogh smites you!
* * * LOW HITPOINT WARNING * * *
Your crimson imp blinks!
Your crimson imp blinks!
Casting: Call Imp (safe; 8% risk of failure)
Confirm with . or Enter, or press ? or * to list all spells.
A beastly little devil appears in a puff of flame.
The goblin hits you with a +0 club.
* * * LOW HITPOINT WARNING * * *
The orc priest hits your crimson imp but does no damage.
Your crimson imp hits the orc priest.
The orc priest looks braver for a moment.
Your crimson imp hits the orc priest.
The orc priest mumbles some strange prayers to Beogh against you.
Beogh smites you!
You die...

#.# #.........##.. #.#
#.........#### #####.##
#.........# # #......#
#....÷....# #......#
#.........#### #......#
#..).........#
#......###.........##.#
#........).............
#.....@####..)...######
#.......##.....>..## #
#.....g.#...>......# #
#######.#..5.......####
#.#...÷......#...
#5o............##
##...........###
##.........##
##........##


You could see an orc priest (ally target), a goblin and a friendly crimson imp
(summoned).

Vanquished Creatures
  A gnoll (D:1)
  A worm (D:2)
  3 dart slugs
  8 bats
  An endoplasm (D:2)
  A giant cockroach (D:2)
  6 goblins
  5 hobgoblins
  4 jackals (D:1)
  4 kobolds
  4 quokkas (D:1)
  4 ball pythons
  3 frilled lizards
  4 rats
49 creatures vanquished.

Vanquished Creatures (collateral kills)
  An adder (D:2)
  A frilled lizard (D:2)
2 creatures vanquished.

Grand Total: 51 creatures vanquished

Notes
Turn   | Place    | Note
-------+----------+-------------------------------------------
     0 | D:1      | Gabide the Gnoll Hedge Wizard began the quest for the Orb.
     0 | D:1      | Reached XP level 1. HP: 13/13 MP: 8/8
    56 | D:1      | Learned a level 1 spell: Slow
   270 | D:1      | Reached XP level 2. HP: 20/20 MP: 2/10
   567 | D:1      | Reached XP level 3. HP: 25/25 MP: 6/11
  1024 | D:1      | Reached skill level 1 in Invocations
  1370 | D:1      | Reached skill level 1 in Fighting
  1370 | D:1      | Reached skill level 1 in Short Blades
  1370 | D:1      | Reached skill level 1 in Long Blades
  1370 | D:1      | Reached skill level 1 in Axes
  1370 | D:1      | Reached skill level 1 in Maces & Flails
  1370 | D:1      | Reached skill level 1 in Polearms
  1370 | D:1      | Reached skill level 1 in Staves
  1370 | D:1      | Reached skill level 1 in Slings
  1370 | D:1      | Reached skill level 1 in Bows
  1370 | D:1      | Reached skill level 1 in Crossbows
  1370 | D:1      | Reached skill level 1 in Throwing
  1370 | D:1      | Reached skill level 1 in Armour
  1370 | D:1      | Reached skill level 1 in Shields
  1370 | D:1      | Reached skill level 1 in Unarmed Combat
  1370 | D:1      | Reached skill level 1 in Evocations
  1622 | D:1      | Learned a level 2 spell: Blink
  1625 | D:1      | Learned a level 2 spell: Call Imp
  1629 | D:1      | Learned a level 3 spell: Conjure Flame
  1638 | D:2      | Reached XP level 4. HP: 25/32 MP: 2/13
  2440 | D:2      | Killed from afar by an orc priest

Illustrated notes

Levels and vault maps discovered:
D:1:      dpeg_arrival_erosion, layout_basic
D:2:      layout_rooms
D:3:      layout_basic, serial_shops, nicolae_shop_window_shopping,
          shapermc_ecumenical_altar_pompeii

Skill      XL: |  1  2  3 |
---------------+----------+-----
Conjurations   | 2 |  2.2
Summonings     | 2 |  2.2
Translocations | 2 |  2.2
Invocations    | 1 |  1.2
Fighting       | 1 |  1.1
Short Blades   | 1 |  1.1
Long Blades    | 1 |  1.1
Axes           | 1 |  1.1
Maces & Flails | 1 |  1.1
Polearms       | 1 |  1.1
Staves         | 1 |  1.1
Slings         | 1 |  1.1
Bows           | 1 |  1.1
Crossbows      | 1 |  1.1
Throwing       | 1 |  1.1
Armour         | 1 |  1.1
Shields        | 1 |  1.1
Unarmed Combat | 1 |  1.1
Evocations     | 1 |  1.1
Dodging        | |  4.6
Stealth        | |  4.2
Spellcasting   | |  7.2
Hexes          | |  0.9
Necromancy     | |  0.9
Transmutations | |  0.9
Fire Magic     | |  0.9
Ice Magic      | |  0.9
Air Magic      | |  0.9
Earth Magic    | |  0.9
Poison Magic   | |  0.9

Action                   |  1- 3 |  4- 6 || total
-------------------------+-------+-------++-------
Melee: Spear             |    16 |     8 ||    24
       Bite              |     1 |       ||     1
 Cast: Magic Dart        |    89 |    35 ||   124
       Call Imp          |     2 |     4 ||     6
       Slow              |     1 |     4 ||     5
 Stab: Sleeping          |       |     1 ||     1
Armor: Robe              |    10 |     1 ||    11
Dodge: Dodged            |    50 |     8 ||    58
